Map: Ruins of Seras

Players

ArTisan - Winner!

  • Race: Protoss Protoss
  • League: Silver

Bagain

  • Race: Protoss Protoss
  • League: Gold

VOD

Have the link to the VOD?

Description

Time

  • Played on: Feb. 2, 2016, 7:47 a.m.
  • Length: 18:24
Show
View Real Time Build Order
Export as new Build Order

ArTisan Protoss - Winner!

Build Orders: Oracle Opening 

Get SALT Encoding   

  12  0:01  Probe (Chrono Boost)  
  13  0:11  Probe (Chrono Boost)  
  14  0:19  Pylon  
  14  0:23  Probe (Chrono Boost)  
  15  0:31  Assimilator  
  15  0:38  Probe (Chrono Boost)  
  16  0:44  Gateway  
  16  0:49  Probe (Chrono Boost)  
  17  0:59  Probe (Chrono Boost)  
  17  1:03  Pylon  
  18  1:10  Probe (Chrono Boost)  
  19  1:20  Probe (Chrono Boost), Assimilator  
  20  1:31  Probe (Chrono Boost)  
  21  1:35  Cybernetics Core  
  21  1:46  Zealot  
  23  1:53  Pylon, Probe (Chrono Boost)  
  24  2:04  Probe (Chrono Boost)  
  25  2:13  Stalker  
  25  2:15  Mothership Core (Chrono Boost)  
  29  2:33  Probe (Chrono Boost)  
  29  2:35  Stargate  
  30  2:43  Stalker  
  30  2:44  Probe (Chrono Boost)  
  33  3:08  Nexus  
  33  3:13  Stalker  
  35  3:20  Oracle  
  38  3:33  Warp Gate (Chrono Boost)  
  38  3:34  Pylon  
  38  3:56  Probe  
  38  3:59  Gateway  
  39  4:13  Probe  
  39  4:16  Robotics Facility  
  40  4:25  Probe x2  
  42  4:31  Assimilator  
  42  4:36  Pylon  
  42  4:37  Assimilator  
  42  4:38  Stalker, Probe  
  43  4:40  Pylon  
  45  5:02  Probe  
  45  5:06  Oracle  
  49  5:07  Probe  
  49  5:13  Robotics Bay  
  50  5:18  Pylon, Probe  
  50  5:19  Probe  
  52  5:26  Gateway  
  52  5:28  Probe  
  53  5:39  Probe  
  54  5:50  Probe  
  55  6:06  Probe  
  56  6:11  Gateway  
  56  6:13  Zealot x2  
  56  6:14  Gateway  
  56  6:16  Probe  
  61  6:24  Extended Thermal Lance (Chrono Boost)  
  61  6:27  Colossus, Probe  
  61  6:30  Probe  
  69  6:37  Probe  
  70  6:42  Zealot  
  70  6:43  Zealot x2  
  70  6:46  Probe  
  77  6:48  Probe  
  78  6:57  Nexus  
  78  6:58  Probe  
  78  6:59  Pylon  
  79  7:09  Sentry x2  
  79  7:14  Pylon  
  83  7:16  Pylon  
  83  7:18  Probe  
  83  7:20  Colossus (Chrono Boost)  
  90  7:29  Probe  
  88  8:07  Twilight Council  
  88  8:09  Colossus (Chrono Boost), Zealot x2  
  88  8:10  Pylon, Zealot  
  88  8:11  Zealot x2  
  104  8:29  Probe  
  104  8:31  Probe  
  104  8:34  Zealot  
  108  8:35  Zealot x2  
  108  8:36  Zealot x2  
  116  8:41  Pylon, Probe  
  116  8:45  Pylon  
  117  8:52  Forge  
  117  8:54  Probe  
  117  8:55  Colossus (Chrono Boost)  
  124  8:57  Forge  
  124  9:00  Zealot x3  
  124  9:01  Zealot x2  
  134  9:11  Charge (Chrono Boost)  
  134  9:12  Probe  
  135  9:25  Zealot x2  
  135  9:29  Zealot x2  
  135  9:30  Zealot  
  145  9:32  Probe  
  145  9:34  Pylon  
  145  9:35  Probe  
  147  9:43  Protoss Ground Weapons Level 1 (Chrono Boost)  
  147  9:51  Zealot  
  149  9:53  Probe  
  149  9:56  Sentry  
  149  9:57  Sentry x2  
  149  9:58  Pylon  
  156  10:00  Pylon  
  156  10:29  Zealot x3  
  156  10:30  Zealot x2  
  156  10:34  Protoss Ground Armor Level 1 (Chrono Boost)  
  166  10:37  Probe  
  166  10:39  Probe  
  166  10:42  Gateway  
  168  10:45  Gateway  
  168  10:48  Assimilator  
  168  10:49  Probe  
  168  10:52  Assimilator  
  168  10:55  Pylon  
  145  11:00  Stalker x2  
  145  11:01  Stalker x3  
  143  11:19  Probe  
  143  11:23  Probe  
  143  11:24  Gateway  
  145  11:26  Gateway  
  145  11:30  Pylon  
  125  11:35  Stalker x4  
  97  11:50  Probe  
  97  11:52  Observer  
  91  12:06  Zealot x4  
  91  12:07  Zealot  
  101  12:08  Probe  
  101  12:12  Colossus (Chrono Boost)  
  108  12:19  Probe  
  97  13:05  Colossus (Chrono Boost)  
  97  13:08  Zealot x2  
  97  13:09  Probe  
  97  13:12  Templar Archives  
  92  13:22  Stalker  
  92  13:23  Stalker  
  92  13:24  Probe  
  97  13:36  Mothership Core  
  97  13:39  Pylon  
  97  13:40  Stalker  
  97  13:41  Stalker x4  
  109  13:48  Nexus  
  109  13:50  Assimilator  
  109  13:51  Warp Prism (Chrono Boost)  
  109  13:52  Assimilator  
  111  13:56  Psionic Storm  
  111  13:59  High Templar x3  
  117  14:07  Gateway  
  117  14:08  Gateway  
  117  14:10  Pylon  
  117  14:11  Gateway  
  117  14:15  Pylon  
  117  14:22  Colossus (Chrono Boost)  
  123  14:29  Probe  
  124  14:35  Photon Cannon  
  124  14:37  Pylon  
  124  14:41  Pylon  
  124  14:42  Archon  
  124  14:44  High Templar x3  
  124  14:45  High Templar x2  
  134  14:47  Zealot  
  136  14:53  Pylon  
  136  14:54  Nexus  
  136  14:58  Pylon  
  136  14:59  Probe  
  136  15:00  Pylon  
  136  15:02  Colossus (Chrono Boost)  
  137  15:08  High Templar  
  137  15:09  High Templar  
  137  15:10  Probe  
  137  15:14  Probe  
  149  15:19  Assimilator  
  149  15:21  Zealot  
  151  15:22  Assimilator  
  151  15:35  Probe  
  151  15:42  Gateway  
  152  15:44  Gateway  
  152  15:52  Observer  
  153  16:06  Colossus  
  153  16:08  High Templar  
  153  16:09  High Templar x2  
  163  16:37  High Templar  
  163  16:38  High Templar  
  163  16:39  Zealot x4  
  175  16:40  Zealot x3  
  175  16:41  Nexus  
  175  16:43  Assimilator  
  181  16:47  Assimilator  
  181  16:59  Observer  
  182  17:04  Gravitic Drive (Chrono Boost)  
  182  17:10  Zealot x4  
  190  17:24  Zealot  
  190  17:25  Zealot x3  
  160  17:37  Stalker  
  160  17:43  Zealot x3  
  160  17:44  Zealot x4  
  170  17:48  High Templar x2  
  142  18:11  Stalker  
  142  18:12  Stalker x4  
  147  18:13  Stalker  
Show
View Real Time Build Order
Export as new Build Order

Bagain Protoss 

Build Orders: 1 Gate Expand 

Get SALT Encoding   

  12  0:01  Probe (Chrono Boost)  
  13  0:12  Probe (Chrono Boost)  
  14  0:19  Pylon  
  14  0:25  Probe (Chrono Boost)  
  15  0:37  Probe (Chrono Boost)  
  16  0:45  Gateway  
  16  0:48  Probe (Chrono Boost)  
  17  0:58  Probe (Chrono Boost)  
  18  1:18  Nexus  
  18  1:25  Probe (Chrono Boost)  
  19  1:27  Assimilator  
  19  1:34  Pylon  
  19  1:36  Probe (Chrono Boost)  
  20  1:48  Probe (Chrono Boost)  
  21  1:58  Cybernetics Core  
  21  1:59  Probe (Chrono Boost)  
  22  2:07  Assimilator  
  22  2:10  Probe (Chrono Boost)  
  23  2:24  Pylon  
  23  2:31  Gateway, Probe (Chrono Boost)  
  25  2:38  Mothership Core (Chrono Boost)  
  25  2:42  Probe (Chrono Boost)  
  27  2:48  Forge  
  26  2:55  Adept (Chrono Boost)  
  28  3:01  Probe (Chrono Boost)  
  28  3:04  Pylon  
  29  3:06  Probe (Chrono Boost)  
  29  3:11  Probe  
  29  3:12  Warp Gate  
  31  3:21  Stalker (Chrono Boost)  
  31  3:23  Probe  
  31  3:25  Stalker (Chrono Boost), Probe  
  37  3:40  Photon Cannon  
  36  3:48  Photon Cannon  
  36  3:53  Stalker (Chrono Boost)  
  38  3:59  Photon Cannon  
  38  4:00  Protoss Ground Weapons Level 1  
  38  4:04  Gateway  
  38  4:10  Photon Cannon  
  38  4:12  Probe  
  38  4:14  Probe  
  40  4:23  Photon Cannon, Probe  
  41  4:34  Probe  
  41  4:36  Probe  
  43  4:40  Assimilator  
  43  4:44  Assimilator  
  43  4:45  Probe  
  43  4:47  Robotics Facility  
  43  4:50  Probe  
  45  4:55  Probe  
  46  5:10  Photon Cannon  
  46  5:21  Stalker x3  
  52  5:28  Stargate  
  52  5:32  Probe  
  52  5:34  Probe  
  52  5:35  Gateway  
  54  5:37  Observer  
  55  5:43  Probe  
  56  5:52  Probe  
  56  5:53  Probe  
  56  5:54  Stalker x2  
  62  6:02  Observer  
  62  6:14  Pylon  
  62  6:18  Pylon  
  62  6:21  Pylon  
  62  6:22  Protoss Ground Armor Level 1  
  62  6:25  Twilight Council  
  62  6:30  Probe  
  62  6:32  Probe  
  64  6:33  Immortal  
  64  6:35  Sentry  
  64  6:39  Stalker  
  72  6:41  Probe  
  72  6:42  Forge  
  72  6:45  Probe  
  74  6:51  Probe  
  75  7:13  Pylon  
  75  7:14  Void Ray  
  79  7:16  Immortal  
  79  7:17  Stalker  
  85  7:27  Pylon  
  85  7:31  Pylon  
  85  7:35  Nexus  
  85  7:47  Stalker  
  85  7:48  Stalker x2  
  91  7:51  Pylon  
  91  7:58  Protoss Ground Weapons Level 2  
  91  8:08  Pylon  
  91  8:11  Assimilator  
  91  8:13  Assimilator  
  91  8:27  Immortal (Chrono Boost)  
  91  8:28  Void Ray  
  91  8:29  Protoss Ground Armor Level 2  
  99  8:36  Pylon  
  99  8:41  Pylon  
  99  8:46  Adept x2  
  99  8:47  Adept  
  105  8:50  Adept  
  107  9:01  Probe  
  107  9:02  Immortal (Chrono Boost), Probe  
  111  9:03  Probe  
  114  9:12  Probe  
  114  9:15  Void Ray (Chrono Boost)  
  119  9:21  Sentry x4  
  127  9:35  Immortal (Chrono Boost)  
  131  9:57  Void Ray (Chrono Boost)  
  135  10:09  Immortal  
  137  10:22  Photon Cannon  
  136  10:40  Adept x3  
  136  10:41  Adept  
  144  10:53  Zealot x2  
  126  11:03  Immortal  
  69  11:59  Robotics Facility  
  65  12:01  Immortal  
  65  12:04  Stalker x2  
  65  12:05  Stalker x2  
  73  12:10  Pylon  
  69  12:17  Gateway  
  69  12:19  Gateway, Void Ray (Chrono Boost)  
  69  12:21  Gateway  
  72  12:28  Stalker  
  72  12:29  Stalker x3  
  76  12:36  Immortal  
  76  12:52  Stalker  
  76  12:53  Stalker x3  
  76  12:57  Void Ray (Chrono Boost)  
  80  13:10  Immortal  
  84  13:27  Charge  
  84  13:29  Nexus  
  84  13:35  Photon Cannon  
  84  13:40  Photon Cannon  
  84  13:52  Void Ray (Chrono Boost)  
  88  14:05  Probe x2  
  90  14:29  Immortal  
  94  14:51  Assimilator  
  94  15:08  Robotics Bay  
  94  15:10  Robotics Facility, Zealot x2  
  98  15:40  Immortal  
  102  15:52  Probe x2  
  102  15:55  Nexus  
  103  16:02  Zealot x4  
  113  16:11  Mothership Core  
  113  16:13  Disruptor x2  
  118  16:25  Disruptor  
  121  16:44  Zealot x2  
  125  16:49  Disruptor x2  
  131  17:01  Immortal  
  133  17:25  Immortal  
Tags
 
Add a new tag
Caveats
  • Supply blocks, unpowered buildings, or Contaminate may cause inaccurate times.
  • Supply counts are checked every 10 seconds.